 Dungeon Crawl Stone Soup version 0.27.1-3-gb3d3a73c9e (webtiles) character file.

Game seed: 1973335390851799001

59 Urokeeper the Chucker (level 3, 31/35 HPs)
             Began as a Troll Hunter on Oct 12, 2021.
             Quit the game on level 2 of the Dungeon.
             The game lasted 00:02:58 (1197 turns).

Urokeeper the Chucker (Troll Hunter)                Turns: 1197, Time: 00:02:59

Health: 31/35      AC:  4    Str: 20    XL:     3   Next: 78%
Magic:  2/2        EV: 10    Int:  7    God:
Gold:   73         SH:  0    Dex: 11    Spells: 2/2 levels left

rFire    . . .     SeeInvis .     - Unarmed
rCold    . . .     Faith    .   (no shield)
rNeg     . . .     Spirit   .   b - +0 robe
rPois    .         Reflect  .   (helmet restricted)
rElec    .         Harm     .   (no cloak)
rCorr    .         Rampage  .   (gloves unavailable)
Will     .....                  (boots unavailable)
Stlth    +.........             (no amulet)
HPRegen  1.11/turn              (no ring)
MPRegen  0.08/turn              (no ring)

@: no status effects
A: large, unfitting armour, claws 3, regeneration 1, shaggy fur 1, tough skin 1
a: no special abilities


You were on level 2 of the Dungeon.
You visited 1 branch of the dungeon, and saw 2 of its levels.

You collected 73 gold pieces.

Inventory:

Hand Weapons
 a - a +0 short sword
Missiles
 c - 5 large rocks
 d - 2 throwing nets
 e - 32 stones (quivered)
Armour
 b - a +0 robe (worn)
Jewellery
 k - a +4 ring of protection
 m - an amulet of regeneration
Scrolls
 f - a scroll of vulnerability {unknown}
 i - 2 scrolls of identify {unknown}
 j - a scroll of torment {unknown}
 l - a scroll of amnesia {unknown}
 n - a scroll of enchant weapon {unknown}
Potions
 g - a potion of haste {unknown}
 h - a potion of heal wounds {unknown}


   Skills:
 + Level 1.9 Fighting
 + Level 4.2 Throwing
 + Level 1.8 Dodging
 + Level 0.5 Stealth
 + Level 1.7 Unarmed Combat


You had 2 spell levels left.
You didn't know any spells.
Your spell library was empty.

Dungeon Overview and Level Annotations

Branches:
Dungeon (2/15)

Altars:


Innate Abilities, Weirdness & Mutations

You are too large for most types of armour.
You have claws for hands.
Your natural rate of healing is unusually fast.
You are covered in fur. (AC +1)
You have tough skin. (AC +1)


Message History

Aim: a hobgoblin (57% to hit)
You throw a stone. The stone hits the hobgoblin.
The hobgoblin is moderately wounded.
Throw: 38 stones
Press: ? - help, Q - select action, (/) - cycle Shift-Dir - straight line, f/p - hobgoblin
Aim: a hobgoblin (moderately wounded, 57% to hit)
You throw a stone. The stone closely misses the hobgoblin.
The stone hits the rat.
You kill the rat!
Throw: 37 stones
Press: ? - help, Q - select action, (/) - cycle Shift-Dir - straight line, f/p - hobgoblin
Aim: a hobgoblin (moderately wounded, 57% to hit)
You throw a stone. The stone closely misses the hobgoblin.
Throw: 36 stones
Press: ? - help, Q - select action, (/) - cycle Shift-Dir - straight line, f/p - hobgoblin
Aim: a hobgoblin (moderately wounded, 57% to hit)
You throw a stone. The stone closely misses the hobgoblin.
The hobgoblin hits you.
Throw: 35 stones
Press: ? - help, Q - select action, (/) - cycle Shift-Dir - straight line, f/p - hobgoblin
Aim: a hobgoblin (moderately wounded, 57% to hit)
You throw a stone.
The stone hits the hobgoblin but does no damage.
The hobgoblin is moderately wounded.
The hobgoblin hits you but does no damage.
Throw: 34 stones
Press: ? - help, Q - select action, (/) - cycle Shift-Dir - straight line, f/p - hobgoblin
Aim: a hobgoblin (moderately wounded, 57% to hit)
You throw a stone. The stone barely misses the hobgoblin.
The hobgoblin hits you.
Throw: 33 stones
Press: ? - help, Q - select action, (/) - cycle Shift-Dir - straight line, f/p - hobgoblin
Aim: a hobgoblin (moderately wounded, 57% to hit)
You throw a stone.
The stone hits the hobgoblin but does no damage.
The hobgoblin is moderately wounded.
The rat bites you.
The hobgoblin hits you but does no damage.
Unknown command.
Are you sure you want to abandon this character and quit the game? (Confirm with "yes".)

.....# ..†..# #..........
.....##### #..........
.........[. +......(...
.#.######## #.........(
.......# #..........
.#.....### #(.....(.#
###......#####...r(.(.#
.........+.(...(@g#
###......########.#
.........##.......# ###
.........''..............
...<.....##.......###.###
###......########.# #.#
†.'...........# #.# #.#
###......####.###.# #.#
...............##.# #.#


You could see a hobgoblin and a rat.

Vanquished Creatures
  2 adders (D:2)
  2 worms (D:2)
  A dart slug (D:1)
  6 endoplasms
  3 goblins (D:1)
  A hobgoblin (D:2)
  2 quokkas
  4 ball pythons
  5 bats
  3 frilled lizards
  A kobold (D:1)
  4 rats
34 creatures vanquished.

Notes
Turn   | Place    | Note
-------+----------+-------------------------------------------
     0 | D:1      | Urokeeper the Troll Hunter began the quest for the Orb.
     0 | D:1      | Reached XP level 1. HP: 19/19 MP: 0/0
   145 | D:1      | Reached XP level 2. HP: 28/28 MP: 1/1
   163 | D:1      | Reached skill level 4 in Throwing
   748 | D:2      | Reached skill level 1 in Unarmed Combat
   752 | D:2      | Reached XP level 3. HP: 32/35 MP: 2/2
  1197 | D:2      | Quit the game

Illustrated notes

Levels and vault maps discovered:
D:1:      evilmike_arrival_hilbert_curve, layout_basic
D:2:      layout_basic

Skill      XL: |  1  2 |
---------------+-------+-----
Throwing       | 4 |  4.2
Unarmed Combat | 1 |  1.7
Fighting       | |  1.9
Dodging        | |  1.8
Stealth        | |  0.5

Action                   || total
-------------------------++-------
Melee: Unarmed           ||    88
       Short sword       ||     1
Throw: Stone             ||    42
Armor: Robe              ||    52
Dodge: Dodged            ||    60
